 Dungeon Crawl Stone Soup version 0.31-a0-435-g2c6fae2916 (webtiles) character file.

Game seed: 17565706974947253144

1337 Gelion the Changeling (level 8, -23/55 HPs)
             Began as an Octopode Shapeshifter on Aug 1, 2023.
             Killed from afar by Maggie (27 damage)
             ... with a bolt of fire
             ... on level 6 of the Dungeon.
             The game lasted 00:07:11 (5282 turns).

Gelion the Changeling (Octopode Shapeshifter)       Turns: 5282, Time: 00:07:12

Health: -23/55     AC:  1    Str: 14    XL:     8   Next: 61%
Magic:  8/8        EV: 13    Int: 11    God:
Gold:   742        SH:  0    Dex: 20    Spells: 7/7 levels left

rFire   . .          .
                       - Unarmed
rCold   . . .        (no shield)
rNeg    . . .        (helmet currently unavailable)
rPois   .            (no amulet)
rElec   .            g - +6 ring of dexterity
rCorr   .            (no ring)
SInv    .            (no ring)
Will    .....        (no ring)
Stlth   +++          (no ring)
HPRegen 0.29/turn    (no ring)
MPRegen 0.11/turn    (no ring)
                     (no ring)

%: no passive effects
@: beast-form, mesmerised
A: beast (slay +4), almost no armour, amphibious, 8 rings, camouflage 1,
gelatinous body 1, (nimble swimmer 1), tentacles
a: Begin Untransformation


You were on level 6 of the Dungeon.
You were a hulking beast.
You visited 1 branch of the dungeon, and saw 6 of its levels.

You collected 742 gold pieces.

Inventory:

Jewellery
 g - a +6 ring of dexterity (left tentacle)
 h - an amulet of the acrobat
 o - an amulet of regeneration
 r - an amulet of reflection
Talismans
 b - a beast talisman (active)
 l - a blade talisman
Wands
 p - a wand of light (2)
Scrolls
 c - 2 scrolls of amnesia
 f - 3 scrolls of teleportation
 j - 2 scrolls of revelation
 k - a scroll of enchant armour
Potions
 a - a potion of lignification
 d - 3 potions of heal wounds
 e - 2 potions of magic
 i - a potion of cancellation
 n - 2 potions of invisibility
 q - a potion of attraction


   Skills:
 + Level 5.0 Fighting
 - Level 2.0 Dodging
 + Level 5.9 Unarmed Combat
 * Level 6.8 Shapeshifting


You had 7 spell levels left.
You didn't know any spells.
Your spell library contained the following spells:

 Spells                   Type           Power      Damage    Failure   Level
 Poisonous Vapours        Pois/Air       0%         N/A       47%         2
 Ignite Poison            Fire/Tmut/Pois 0%         N/A       71%         3
 Mephitic Cloud           Conj/Pois/Air  0%         N/A       71%         3
 Sticky Flame             Conj/Fire      0%         2d3       98%         4
 Freezing Cloud           Conj/Ice/Air   0%         6-21      100%        5
 Ignition                 Fire           0%         3d3       100%        8


Dungeon Overview and Level Annotations

Branches:
Dungeon (6/15)
 Temple: D:4-7

Altars:
Dithmenos

Shops:
D:4 *

Annotations:
D:6 Maggie


Innate Abilities, Weirdness & Mutations

You are a hulking beast.
Your limbs bulge with bestial killing power. (Slay +4)
You cannot wear most types of armour.
You are amphibious.
You can wear up to eight rings at the same time.
Your skin changes colour to match your surroundings (Stealth+).
Your rubbery body absorbs attacks. (AC +1, EV +1)
((You are camouflaged when in or above water. (Stealth+)))
You have tentacles for arms and can constrict up to eight enemies at once.


Message History

The orc wizard is severely wounded.
You constrict the orc wizard. You tentacle-slap the orc wizard.
You kill the orc wizard!
Maggie the Vainglorious comes into view.
She is wielding a +0 morningstar and carrying a wand of flame.
You closely miss Maggie. You grab Maggie. You squeeze Maggie, but do no damage.
You constrict Maggie.
Maggie mumbles some strange words.
Maggie attempts to bespell you!
You are mesmerised by Maggie!
You hear a shout!
You tentacle-slap Maggie. You squeeze Maggie.
Maggie is lightly wounded.
You constrict Maggie, but do no damage. Maggie hits you with a +0 morningstar!
You tentacle-slap Maggie but do no damage.
Maggie is lightly wounded.
You constrict Maggie. Maggie casts a spell at you. The bolt of fire misses you.
You bludgeon Maggie!
Maggie is heavily wounded.
You constrict Maggie. Maggie gestures at you while chanting.
The bolt of fire hits you!!
* * * LOW HITPOINT WARNING * * *
You tentacle-slap Maggie but do no damage.
Maggie is heavily wounded.
You constrict Maggie.
Maggie mumbles some strange words.
Maggie draws you further into her thrall.
You tentacle-slap Maggie.
Maggie is severely wounded.
You constrict Maggie. Maggie hits you with a +0 morningstar!
* * * LOW HITPOINT WARNING * * *
You tentacle-slap Maggie but do no damage.
Maggie is severely wounded.
You constrict Maggie.
Maggie points at you and mumbles some strange words.
The bolt of fire hits you!!
You die...

##.....#....
#..........
#..>....oo
#.......o
....... ....
####@##
#..<.h#
#......#
#......#
#......+
#......#
#......#
#......+
####...#


You could see Maggie (mesmerising).

Vanquished Creatures
  Grinder (D:4)
  Edmund (D:5)
  An ice beast (D:5)
  An ogre (D:5)
  A centaur (D:4)
  2 scorpions (D:5)
  2 howler monkeys
  A jelly (D:5)
  2 hounds
  An orc priest (D:4)
  Ijyb (D:5)
  4 iguanas
  An orc wizard (D:6)
  12 adders
  6 gnolls
  A shadow imp (D:5)
  A white imp (D:5)
  2 ufetubi
  4 worms
  4 dart slugs
  6 orcs
  6 bats
  8 endoplasms
  4 giant cockroaches
  8 goblins
  7 hobgoblins
  4 jackals (D:3)
  7 quokkas
  3 ball pythons
  5 kobolds
  9 rats
116 creatures vanquished.

Notes
Turn   | Place    | Note
-------+----------+-------------------------------------------
     0 | D:1      | Gelion the Octopode Shapeshifter began the quest for the
                  | Orb.
     0 | D:1      | Reached XP level 1. HP: 13/13 MP: 1/1
   178 | D:1      | Reached XP level 2. HP: 13/18 MP: 2/2
   513 | D:1      | Reached XP level 3. HP: 22/23 MP: 3/3
   671 | D:1      | Identified a scroll of acquirement
   671 | D:1      | Acquired 579 gold pieces
  1244 | D:2      | Reached XP level 4. HP: 29/29 MP: 4/4
  1796 | D:2      | Reached skill level 4 in Shapeshifting
  2097 | D:3      | Reached XP level 5. HP: 15/35 MP: 5/5
  2409 | D:3      | Found a faded altar of an unknown god.
  2861 | D:4      | Noticed a centaur
  2873 | D:4      | Killed a centaur
  2874 | D:4      | Reached XP level 6. HP: 6/42 MP: 6/6
  3110 | D:4      | Found Goig's Mayhem Merchandise.
  3123 | D:4      | Reached skill level 5 in Shapeshifting
  3361 | D:4      | Noticed Grinder
  3366 | D:4      | Reached XP level 7. HP: 40/46 MP: 7/7
  3733 | D:4      | Paralysed by Grinder for 2 turns
  3737 | D:4      | Killed Grinder
  3856 | D:5      | Entered Level 5 of the Dungeon
  3859 | D:5      | Reached skill level 5 in Unarmed Combat
  3938 | D:5      | HP: 1/48 [ice beast (10)]
  4143 | D:5      | Reached skill level 6 in Shapeshifting
  4146 | D:5      | Reached XP level 8. HP: 47/54 MP: 8/8
  4158 | D:5      | Noticed Edmund
  4170 | D:5      | Killed Edmund
  4218 | D:5      | Noticed Ijyb
  4223 | D:5      | Killed Ijyb
  4500 | D:5      | Identified the +3 spear of Bonuwk {heavy, Fly Will+}
  4838 | D:5      | Found a shadowy altar of Dithmenos.
  4917 | D:5      | Reached skill level 5 in Fighting
  5275 | D:6      | Noticed Maggie
  5282 | D:6      | Killed from afar by Maggie

Illustrated notes

Levels and vault maps discovered:
D:1:      elethiomel_arrival_infinity_welcomes_careful_drivers, layout_basic,
          amcnicky_mini_rare_corridor_liquid
D:2:      layout_basic
D:3:      layout_loops_ring, ebering_ecumenical_altar_abandoned, serial_glass,
          glass_columns_a, glass_columns_a, glass_columns_a, glass_columns_a,
          glass_columns_b, glass_columns_a, glass_columns_a, glass_columns_a
D:4:      layout_loops_cross, minmay_shop_mayhem, uniq_grinder
D:5:      layout_loops_ring, nicolae_dithmenos_the_darkroom,
          kennysheep_cross_bottleneck, minivault_24, kennysheep_diamond,
          uniq_ijyb, uniq_edmund
D:6:      layout_gridville, minitemple, minmay_temple_entry_fiery, minivault_27,
          kb_rosetta, uniq_maggie

Skill      XL: |  1  2  3  4  5  6  7  8 |
---------------+-------------------------+-----
Fighting       | 2 3 4 5 |  5.0
Shapeshifting  | 4 5 6 |  6.8
Unarmed Combat | 4 5 |  5.9
Dodging        | |  2.0

Action                     |  1- 3 |  4- 6 |  7- 9 || total
---------------------------+-------+-------+-------++-------
  Melee: Unarmed           |    60 |   113 |    80 ||   253
         Tentacles         |    12 |    21 |    22 ||    55
         Constrict         |    12 |    39 |    18 ||    69
         Punch             |     2 |     3 |     1 ||     6
    Use: Scroll            |     4 |     4 |     6 ||    14
   Stab: Sleeping          |     9 |     8 |     4 ||    21
         Distracted        |       |       |     3 ||     3
 Armour: Skin              |     2 |     3 |     2 ||     7
  Dodge: Dodged            |    24 |    48 |    27 ||    99

Table legend: (Time is in decaauts)
 A = Elapsed time spent in this place.
 B = Non-inter-level travel time spent in this place.
 C = Inter-level travel time spent in this place.
 D = Time resting spent in this place.
 E = Time spent auto-exploring this place.
 F = Levels seen in this place.
 G = Mean time per level.
                   A        B        C        D        E       F      G
               +--------+--------+--------+--------+--------+-----+--------+
         Total |   5262 |   5198 |     64 |    307 |   4139 |   6 |  877.0 |
       Dungeon |   5262 |   5198 |     64 |    307 |   4139 |   6 |  877.0 |
               +--------+--------+--------+--------+--------+-----+--------+

Top non-repeatable levels by time:
     D:5: 1402 daAuts
     D:2: 1365 daAuts
     D:4: 894 daAuts
     D:3: 887 daAuts
     D:1: 696 daAuts
     D:6: 16 daAuts
